 Dungeon Crawl Stone Soup version 0.22-a0-268-g1cc83efe17 (webtiles) character file.

164 Manul the Ducker (level 5, -1/28 HPs)
             Began as a Spriggan Abyssal Knight on Mar 9, 2018.
             Was a Believer of Lugonu.
             Slain by a kobold
             ... wielding a +0 short sword
              (2 damage)
             ... on level 3 of the Dungeon.
             The game lasted 00:04:08 (3642 turns).

Manul the Ducker (Spriggan Abyssal Knight)          Turns: 3642, Time: 00:04:08

Health: -1/28      AC:  4    Str:  8    XL:     5   Next: 21%
Magic:  7/7        EV: 18    Int: 15    God:    Lugonu [**....]
Gold:   119        SH:  0    Dex: 17    Spells: 4/4 levels left

rFire    . . .     SeeInvis +   a - +1 short sword
rCold    . . .     Gourm    .   (shield restricted)
rNeg     . . .     Faith    .   f - +2 robe "Poex" {Int+2}
rPois    .         Spirit   .   (helmet restricted)
rElec    .         Reflect  .   (no cloak)
rCorr    .         Harm     .   (gloves unavailable)
MR       .....                  (boots unavailable)
Stlth    ++........             (no amulet)
HPRegen  0.09/turn              n - ring of flight
MPRegen  0.10/turn              (no ring)

@: heavily drained, very quick
A: very small, unfitting armour, see invisible, herbivore, speed 3, slow
metabolism 2
a: Depart the Abyss, Bend Space, Renounce Religion, Evoke Flight


You were on level 3 of the Dungeon.
You worshipped Lugonu.
Lugonu was pleased with you.
You were hungry.

You visited 1 branch of the dungeon, and saw 3 of its levels.
You visited the Abyss 1 time.

You collected 119 gold pieces.

Inventory:

Hand Weapons
 a - a +1 short sword (weapon)
Armour
 b - a +0 robe
 f - the +2 robe "Poex" (worn) {Int+2}
   (You found it on level 2 of the Abyss)

   It affects your intelligence (+2).
Jewellery
 n - a ring of flight (left hand)
Wands
 d - a wand of flame (10)
 e - a wand of scattershot (6)
Scrolls
 i - 2 scrolls of remove curse {unknown}
 j - a scroll of blinking {unknown}
 k - 3 scrolls of identify {unknown}
 l - a scroll of amnesia {unknown}
 p - a scroll of enchant armour {unknown}
 q - a scroll of immolation {unknown}
Potions
 g - a potion of agility {unknown}
 h - a potion of heal wounds {unknown}
 m - a potion of haste {unknown}
 o - a potion of flight {unknown}
Comestibles
 c - 8 rations


   Skills:
 + Level 3.2(1.4) Fighting
 + Level 3.7(2.0) Short Blades
 + Level 4.5(2.7) Dodging
 * Level 3.2(1.5) Stealth
 + Level 2.0(0.4) Invocations
 + Level 1.2(0.0) Evocations


You had 4 spell levels left.
You didn't know any spells.

Dungeon Overview and Level Annotations

Branches:
Dungeon (3/15)

Altars:
Ru
Trog


Innate Abilities, Weirdness & Mutations

You are very small and have problems with some larger weapons.
You are too small for most types of armour.
You have supernaturally acute eyesight. (SInv)
You are a herbivore.
You cover ground extremely quickly.
You need to consume almost no food.


Message History

The bat is severely wounded.
The bat hits you but does no damage.
You hit the orc wizard.
You kill the orc wizard!
Lugonu accepts your kill.
Your base Stealth skill increases to level 3!
The bat misses you.
You hit the bat.
You kill the bat!
Lugonu accepts your kill.
You hit the kobold.
The kobold is moderately wounded.
You closely miss the kobold.
The kobold is moderately wounded.
The kobold hits you with a short sword.
* * * LOW HITPOINT WARNING * * *
You hit the kobold but do no damage.
The kobold is moderately wounded.
The kobold hits you with a short sword.
You die...

#.#########
......[..(####
.#####.......# .#
#.##<##.# ## #.##(.#.#
##########.#.#
..#.....###..#######
..#._.§......#.(...#
..#.....######..@#######+
..#######.......#K..#...#
..†........###..#.†.#...#
.....###.#.# ####.......#
.........#.# ###._.###
##########.# .......# #.#
#...#...# ..# #...#...#
### +#######+


You could see a kobold.

Vanquished Creatures
  Jessica (D:2)
  An orc wizard (D:3)
  Robin (D:2)
  4 adders
  2 worms
  A dart slug (D:1)
  A leopard gecko (D:1)
  7 bats
  A giant cockroach (D:1)
  8 goblins
  10 hobgoblins
  7 kobolds
  4 quokkas
  A ball python (D:1)
  4 frilled lizards
  8 rats
61 creatures vanquished.

Vanquished Creatures (others)
  A goblin (D:2)
1 creature vanquished.

Grand Total: 62 creatures vanquished

Notes
Turn   | Place    | Note
-------+----------+-------------------------------------------
     0 | Abyss:1  | Manul the Spriggan Abyssal Knight began the quest for the Orb.
     0 | Abyss:1  | Reached XP level 1. HP: 11/11 MP: 3/3
    85 | Abyss:2  | Noticed a bone dragon
    95 | Abyss:2  | Got a faintly humming robe
   106 | Abyss:2  | Noticed a wretched star
   114 | D:1      | Escaped the Abyss
   125 | D:1      | Identified the +2 robe "Poex" {Int+2} (You found it on level 2 of the Abyss)
   293 | D:1      | Reached * piety under Lugonu
   361 | D:1      | Reached XP level 2. HP: 13/16 MP: 4/4
   593 | D:1      | Reached skill level 1 in Stealth
   896 | D:2      | Noticed Robin
   953 | D:1      | Reached skill level 4 in Dodging
   953 | D:1      | Reached XP level 3. HP: 19/19 MP: 5/5
  1270 | D:2      | Noticed Jessica
  1290 | D:2      | Killed Jessica
  1290 | D:2      | Reached XP level 4. HP: 23/24 MP: 6/6
  2553 | D:2      | Killed Robin
  3038 | D:2      | Reached ** piety under Lugonu
  3345 | D:3      | Found a bloodstained altar of Trog.
  3396 | D:3      | Noticed a phantom
  3545 | D:3      | Reached skill level 1 in Evocations
  3553 | D:3      | Reached XP level 5. HP: 15/28 MP: 7/7
  3610 | D:3      | Found a sacrificial altar of Ru.
  3641 | D:3      | HP: 1/28 [kobold/short sword (6)]
  3642 | D:3      | Slain by a kobold

Vault maps used:
D:1:      lightli_molten_gateway
D:2:      uniq_jessica, uniq_robin
D:3:      nicolae_ru_great_annihilating_truth, gup_sewer_entry_bubbles,
          trog_book

Skill      XL: |  1  2  3  4  5 |
---------------+----------------+-----
Invocations    | 2 |  2.0
Stealth        | 1 2 3 |  3.2
Dodging        | 4 |  4.5
Fighting       | 3 |  3.2
Short Blades   | 3 |  3.7
Evocations     | 1 |  1.2

Action                   |  1- 3 |  4- 6 || total
-------------------------+-------+-------++-------
Melee: Short sword       |    89 |   119 ||   208
Invok: Depart the Abyss  |     1 |       ||     1
Evoke: Wand              |     4 |    15 ||    19
 Stab: Sleeping          |       |     5 ||     5
Armor: Robe              |    13 |    23 ||    36
Dodge: Dodged            |    77 |   125 ||   202

Table legend:
 A = Spawn XP
 B = Non-spawn XP
 C = Spawn XP percentage of total XP
 D = Spawn monster count
 E = Non-spawn monster count
 F = Spawn count percentage of total count
 G = Total turns spent on level
                    A         B        C        D         E        F      G
               +---------+---------+-------+---------+---------+-------+---------
         Total |       0 |     235 |   0.0 |       0 |      61 |   0.0 |  3642
               +---------+---------+-------+---------+---------+-------+---------
           D:1 |       0 |      55 |   0.0 |       0 |      26 |   0.0 |  1970
           D:2 |       0 |     127 |   0.0 |       0 |      25 |   0.0 |  1257
           D:3 |       0 |      53 |   0.0 |       0 |      10 |   0.0 |   301
               +---------+---------+-------+---------+---------+-------+---------
